 Dungeon Sprint DCSS version 0.28-a0-1374-ga75cb3825e (webtiles) character file.

Game seed: 2359211125912783759

17260 mhtbhm the Impaler (level 12, -12/127 HPs)
             Began as a Minotaur Fighter on Dec 31, 2021.
             Was the Champion of the Shining One.
             Mangled by an orc knight (28 damage)
             ... in the Dungeon (Sprint IX: "|||||||||||||||||||||||||||||").
             The game lasted 00:05:19 (3503 turns).

mhtbhm the Impaler (Minotaur Fighter)               Turns: 3503, Time: 00:05:20

Health: -12/127    AC: 23    Str: 26    XL:     12   Next: 17%
Magic:  17/17      EV: 11    Int:  5    God:    the Shining One [******]
Gold:   1268       SH:  8    Dex: 13    Spells: 11/11 levels left

rFire   . . .      SeeInvis .   a - +0 trident
rCold   . . .      Faith    .   c - +0 buckler
rNeg    + + +      Spirit   .   b - +1 chain mail
rPois   .          Reflect  .   (helmet restricted)
rElec   .          Harm     .   g - +0 cloak
rCorr   .          Rampage  .   o - +0 pair of gloves
Will    .....      NoTele   +   l - +0 pair of boots
Stlth   ..........              (no amulet)
HPRegen 0.31/turn               m - +3 ring of dexterity
MPRegen 0.15/turn               n - +2 ring of protection

@: glowing
A: horns 2, retaliatory headbutt
a: Renounce Religion, Divine Shield, Cleansing Flame, Summon Divine Warrior,
Brand Weapon With Holy Wrath


You were in the Dungeon.
You worshipped the Shining One.
The Shining One was exalted by your worship.
You visited 1 branch You collected 1268 gold pieces.

Inventory:

Hand Weapons
 a - a +0 trident (weapon)
Armour
 b - a +1 chain mail (worn)
 c - a +0 buckler (worn)
 g - a +0 cloak (worn)
 l - a +0 pair of boots (worn)
 o - a +0 pair of gloves (worn)
Jewellery
 m - a +3 ring of dexterity (left hand)
 n - a +2 ring of protection (right hand)
Scrolls
 i - 2 scrolls of amnesia
 j - 5 scrolls of blinking
Potions
 d - 2 potions of resistance
 e - 5 potions of curing
 f - 4 potions of heal wounds
 h - 4 potions of magic


   Skills:
 + Level 17.8 Fighting
 + Level 20.3 Polearms
 + Level 18.0 Armour
 + Level 4.3 Dodging
 + Level 0.3 Stealth
 + Level 15.1 Shields
 * Level 9.1 Invocations
 + Level 3.8 Evocations


You had 11 spell levels left.
You didn't know any spells.
Your spell library was empty.

Dungeon Overview and Level Annotations

Branches:
Dungeon (1/1)

Altars:
Cheibriados
Dithmenos
Elyvilon
Fedhas
Gozag
Hepliaklqana
Kikubaaqudgha
Makhleb
Nemelex Xobeh
Okawaru
Qazlal
Ru
Sif Muna
Trog
Uskayaw
Vehumet
Wu Jian
Xom
Yredelemnul
Zin
The Shining One
Beogh
Jiyva
Lugonu

Shops:
D !:


Innate Abilities, Weirdness & Mutations

You have a pair of horns on your head.
You reflexively headbutt those who attack you in melee.


Message History

You are too injured to fight recklessly!
You are too injured to fight recklessly!
You are too injured to fight recklessly!
You are too injured to fight recklessly!
You are too injured to fight recklessly!
You are too injured to fight recklessly!
You are too injured to fight recklessly!
You are too injured to fight recklessly!
You are too injured to fight recklessly!
You hit the orc knight. Your headbutt misses the orc knight.
The orc knight is heavily wounded.
You barely miss the orc knight. Your headbutt misses the orc knight.
The orc knight is heavily wounded.
The orc knight closely misses you.
You hit the orc knight but do no damage.
Your headbutt misses the orc knight.
The orc knight is heavily wounded.
You puncture the orc knight!
The orc knight is severely wounded.
The orc knight no longer looks unusually strong.
The orc knight roars a battlecry!
The orc knight goes into a battle-frenzy!
You hit the orc knight but do no damage.
The orc knight is severely wounded.
You block the orc knight's attack.
You impale the orc knight!!
The orc knight is almost dead.
You barely miss the orc knight. You headbutt the orc knight!
You kill the orc knight!
You hit the orc knight but do no damage.
You headbutt the orc knight, but do no damage.
You hit the orc knight.
You headbutt the orc knight, but do no damage.
The orc knight is lightly wounded.
The orc knight hits you with a +0 long sword!!
* * * LOW HITPOINT WARNING * * *
You hit the orc knight but do no damage.
The orc knight is lightly wounded.
The orc knight hits you with a +0 long sword!!
You die...

▓_▓.▓.▓.▓.▓
▓_▓.▓.▓.▓.▓
▓_▓.▓.▓.▓.▓
▓_▓.▓.▓.▓.▓
▓_▓.▓.▓.▓.▓
▓_▓.▓.▓.▓.▓
▓_▓.▓.▓.▓)▓
▓'▓.▓'▓.▓)▓
▓!▓.▓.▓.▓@▓
▓.▓.▓.▓.▓o▓
▓)▓.▓.▓.▓$▓
▓.▓.▓.▓.▓$▓
▓[▓.▓.▓.▓∩▓
▓[▓.▓.▓.▓.▓
▓.▓.▓.▓.▓∩▓
▓.▓.▓.▓.▓.▓
▓.▓.▓(▓.▓


You could see an orc knight (strong).

Vanquished Creatures
  A hydra (D)
  A boulder beetle (D)
  2 centaur warriors (D)
  A catoblepas (D)
  4 orc high priests (D)
  A skeletal warrior (D)
  7 orc knights (D)
  An orc sorcerer (D)
  10 cane toads (D)
  An unseen horror (D)
  5 komodo dragons (D)
  3 tyrant leeches (D)
  3 blink frogs (D)
  An acid dragon (D)
  A water moccasin (D)
  7 orc warriors (D)
  2 centaurs (D)
  3 bullfrogs (D)
  A jelly (D)
  An iguana (D)
  7 orc wizards (D)
  A white imp (D)
  A worm (D)
  3 orcs (D)
  2 bat zombies (D)
  A giant cockroach (D)
  2 hobgoblins (D)
  A ball python zombie (D)
  A kobold (D)
  A rat (D)
76 creatures vanquished.

Vanquished Creatures (collateral kills)
  An orc high priest (D)
  An orc knight (D)
  2 orc warriors (D)
  An orc priest (D)
  An orc (D)
6 creatures vanquished.

Grand Total: 82 creatures vanquished

Notes
Turn   | Place    | Note
-------+----------+-------------------------------------------
     0 | D        | mhtbhm the Minotaur Fighter began the quest for the Orb.
     0 | D        | Reached XP level 1. HP: 19/19 MP: 0/0
    19 | D        | Noticed an iguana
    19 | D        | Noticed a jelly
    24 | D        | Reached XP level 2. HP: 28/28 MP: 1/1
    27 | D        | Reached skill level 5 in Fighting
    27 | D        | Reached skill level 3 in Polearms
    29 | D        | Reached skill level 5 in Armour
    29 | D        | Reached skill level 5 in Shields
    29 | D        | Reached XP level 3. HP: 37/37 MP: 2/2
    31 | D        | Reached skill level 4 in Polearms
    31 | D        | Reached XP level 4. HP: 45/45 MP: 3/3
    38 | D        | Found a snail-covered altar of Cheibriados.
    38 | D        | Found a shadowy altar of Dithmenos.
    38 | D        | Found a white marble altar of Elyvilon.
    38 | D        | Found a blossoming altar of Fedhas.
    38 | D        | Found an opulent altar of Gozag.
    39 | D        | Found a hazy altar of Hepliaklqana.
    40 | D        | Found a viscous altar of Jiyva.
    41 | D        | Found an ancient bone altar of Kikubaaqudgha.
    42 | D        | Found a corrupted altar of Lugonu.
    43 | D        | Found a burning altar of Makhleb.
    44 | D        | Found a sparkling altar of Nemelex Xobeh.
    45 | D        | Found an iron altar of Okawaru.
    46 | D        | Found a stormy altar of Qazlal.
    47 | D        | Found a sacrificial altar of Ru.
    88 | D        | Found a shimmering blue altar of Sif Muna.
    89 | D        | Found a bloodstained altar of Trog.
    90 | D        | Found a hide-covered altar of Uskayaw.
    91 | D        | Found a radiant altar of Vehumet.
    92 | D        | Found an ornate altar of the Wu Jian Council.
    93 | D        | Found a shimmering altar of Xom.
    94 | D        | Found a basalt altar of Yredelemnul.
    95 | D        | Found a glowing silver altar of Zin.
    96 | D        | Found a glowing golden altar of the Shining One.
   104 | D        | Became a worshipper of the Shining One
   141 | D        | Reached * piety under the Shining One
   141 | D        | Noticed a centaur
   141 | D        | Noticed an orc warrior
   141 | D        | Noticed an acid dragon
   141 | D        | Noticed a centaur
   142 | D        | Reached ** piety under the Shining One
   148 | D        | Killed a centaur
   149 | D        | Reached skill level 6 in Polearms
   149 | D        | Reached XP level 5. HP: 32/52 MP: 4/4
   155 | D        | Killed an orc warrior
   156 | D        | Reached skill level 7 in Polearms
   311 | D        | Killed an acid dragon
   312 | D        | Reached skill level 8 in Polearms
   312 | D        | Reached XP level 6. HP: 36/63 MP: 5/5
   319 | D        | Reached skill level 9 in Polearms
   466 | D        | Noticed an unseen horror
   466 | D        | Noticed a boulder beetle
   466 | D        | Noticed a catoblepas
   466 | D        | Reached *** piety under the Shining One
   466 | D        | Noticed a centaur warrior
   466 | D        | Noticed a centaur warrior
   466 | D        | Noticed a skeletal warrior
   476 | D        | Killed an unseen horror
   477 | D        | Reached skill level 10 in Fighting
   477 | D        | Reached skill level 10 in Polearms
   477 | D        | Reached skill level 10 in Armour
   477 | D        | Reached skill level 1 in Dodging
   477 | D        | Reached XP level 7. HP: 45/72 MP: 6/6
   608 | D        | Killed a catoblepas
   609 | D        | Reached skill level 12 in Polearms
   609 | D        | Reached skill level 10 in Shields
   609 | D        | Reached XP level 8. HP: 59/82 MP: 7/7
   614 | D        | Killed a centaur warrior
   615 | D        | Reached skill level 14 in Polearms
   621 | D        | Killed a centaur warrior
   622 | D        | Reached skill level 15 in Polearms
   622 | D        | Reached XP level 9. HP: 42/91 MP: 8/8
   630 | D        | Killed a skeletal warrior
   630 | D        | Reached **** piety under the Shining One
   631 | D        | Reached skill level 16 in Polearms
   647 | D        | Killed a boulder beetle
   648 | D        | Reached skill level 1 in Evocations
  1086 | D        | Noticed a cane toad
  1086 | D        | Noticed a cane toad
  1086 | D        | Noticed a komodo dragon
  1086 | D        | Noticed a five-headed hydra
  1087 | D        | Noticed a cane toad
  1089 | D        | Killed a cane toad
  1090 | D        | Reached XP level 10. HP: 94/101 MP: 9/9
  1096 | D        | Reached ***** piety under the Shining One
  1101 | D        | Noticed a cane toad
  1101 | D        | Killed a cane toad
  1102 | D        | Reached skill level 17 in Polearms
  1112 | D        | Killed a five-headed hydra
  1113 | D        | Reached skill level 15 in Armour
  1116 | D        | Killed a cane toad
  1123 | D        | Killed a cane toad
  1126 | D        | Reached skill level 18 in Polearms
  1447 | D        | Noticed a cane toad
  1447 | D        | Noticed a cane toad
  1462 | D        | Killed a cane toad
  1471 | D        | Killed a cane toad
  1481 | D        | Reached skill level 15 in Fighting
  1496 | D        | Reached skill level 1 in Invocations
  1825 | D        | Noticed a cane toad
  1833 | D        | Killed a cane toad
  1834 | D        | Reached XP level 11. HP: 108/112 MP: 9/11
  1844 | D        | Reached ****** piety under the Shining One
  1857 | D        | Reached skill level 19 in Polearms
  2150 | D        | Noticed an orc knight
  2177 | D        | Killed an orc knight
  2184 | D        | Noticed an orc high priest
  2187 | D        | Noticed a sun demon
  2211 | D        | HP: 2/114 [orc high priest/divine providence (12)]
  2217 | D        | Killed an orc high priest
  2218 | D        | Reached skill level 5 in Invocations
  2532 | D        | Noticed an orc knight
  2532 | D        | Noticed an orc sorcerer
  2547 | D        | Killed an orc knight
  2553 | D        | Noticed an orc knight
  2578 | D        | Killed an orc sorcerer
  2594 | D        | Killed an orc knight
  2815 | D        | Found Ruppomir's Distillery.
  2815 | D        | Noticed an orc high priest
  2815 | D        | Noticed an orc high priest
  2815 | D        | Noticed an orc knight
  2815 | D        | Noticed an orc knight
  2815 | D        | Noticed an orc knight
  2816 | D        | Noticed an orc high priest
  2827 | D        | Killed an orc high priest
  2835 | D        | Killed an orc high priest
  3027 | D        | Killed an orc knight
  3028 | D        | Reached skill level 20 in Polearms
  3036 | D        | Killed an orc knight
  3413 | D        | Killed an orc knight
  3451 | D        | Noticed an orc high priest
  3452 | D        | Noticed an orc knight
  3453 | D        | Found Zanlobuz's Book Shoppe.
  3462 | D        | Noticed an orc knight
  3467 | D        | Noticed an orc knight
  3468 | D        | Killed an orc high priest
  3469 | D        | Reached XP level 12. HP: 125/125 MP: 17/17
  3478 | D        | Killed an orc high priest
  3489 | D        | Reached skill level 15 in Shields
  3503 | D        | Mangled by an orc knight

Illustrated notes

Levels and vault maps discovered:
D:        linesprint [early_d, line_temple, items_1, d_10, items_2, lair_1,
          lair_end, items_3, orc_1, orc_end, items_4, d_15, swamp_1, shoals_1,
          snake_1, spider_1, d_20, vaults_1, items_5, swamp_end, shoals_end,
          snake_end, spider_end, vaults_end, d_27, items_6, zot_1, zot_end,
          crypt_end, forest_end, elf_end, slime_end, tomb_end, abyss_end,
          pan_hell_end]

Skill      XL: |  1  2  3  4  5  6  7  8  9 10 11 12 |
---------------+-------------------------------------+-----
Fighting       | 4 5 6 7 9 10 11 12 13 15 17 | 17.8
Armour         | 4 5 6 7 9 10 11 13 14 16 17 18 | 18.0
Shields        | 4 5 6 7 8 9 10 11 12 14 15 | 15.1
Polearms       | 3 4 6 8 10 12 15 16 18 20 | 20.3
Dodging        | 1 2 3 4 |  4.3
Evocations     | 1 3 |  3.8
Invocations    | 2 8 9 |  9.1
Stealth        | |  0.3

Action                   |  1- 3 |  4- 6 |  7- 9 | 10-12 || total
-------------------------+-------+-------+-------+-------++-------
Melee: Trident           |    18 |    36 |    38 |   359 ||   451
       Headbutt          |     3 |     7 |    12 |    79 ||   101
Invok: Divine Shield     |       |       |       |     3 ||     3
       Summon Divine War |       |       |       |     2 ||     2
Evoke: Wand              |       |       |     6 |     4 ||    10
  Use: Potion            |     1 |     1 |     2 |     4 ||     8
       Scroll            |       |       |       |     2 ||     2
Armor: Scale mail        |     3 |       |       |       ||     3
       Chain mail        |       |    12 |    11 |    54 ||    77
Dodge: Dodged            |     2 |    16 |     3 |    40 ||    61
Block: Buckler           |     1 |    15 |     5 |    74 ||    95

Table legend: (Time is in decaauts)
 A = Elapsed time spent in this place.
 B = Non-inter-level travel time spent in this place.
 C = Inter-level travel time spent in this place.
 D = Time resting spent in this place.
 E = Time spent auto-exploring this place.
 F = Levels seen in this place.
 G = Mean time per level.
                   A        B        C        D        E       F      G
               +--------+--------+--------+--------+--------+-----+--------+
         Total |   3339 |   3339 |      0 |   1630 |    863 |   1 | 3339.0 |
       Dungeon |   3339 |   3339 |      0 |   1630 |    863 |   1 | 3339.0 |
               +--------+--------+--------+--------+--------+-----+--------+

Top non-repeatable levels by time:
       D: 3339 daAuts
